 Dungeon Crawl Stone Soup version 0.28-a0-1510-gd0f6b136d3 (webtiles) character file.

Game seed: 8814648020627885278

73198 Lekart the Basher (level 15, -3/126 HPs)
             Began as a White Draconian Abyssal Knight on Jan 15, 2022.
             Was a Priest of Lugonu.
             Slain by a black mamba (5 damage)
             ... while petrified by a basilisk
             ... on level 6 of the Lair of Beasts.
             The game lasted 01:25:00 (31856 turns).

Lekart the Basher (White Draconian Abyssal Knight) Turns: 31856, Time: 01:25:00

Health: -3/126     AC: 15    Str: 15    XL:     15   Next: 3%
Magic:  27/27      EV:  2    Int: 12    God:    Lugonu [***...]
Gold:   831        SH:  0    Dex: 24    Spells: 27/30 levels left

rFire   . . .      SeeInvis .   g - +6 flail (holy)
rCold   + . .      Faith    .   u - +0 tower shield
rNeg    + + +      Spirit   .   (armour unavailable)
rPois   ∞          Reflect  +   (helmet restricted)
rElec   .          Harm     .   (no cloak)
rCorr   .          Rampage  .   m - +2 pair of gloves
Will    +....                   q - +2 pair of boots {Fly}
Stlth   ++++......              G - amulet of reflection
HPRegen 0.31/turn               e - +6 ring of dexterity
MPRegen 0.20/turn               A - +4 ring of slaying

@: petrified, flying
A: breathe frost, AC +9, unfitting armour, cold resistance 1, cold-blooded
a: Breathe Frost, Renounce Religion, Depart the Abyss, Bend Space, Banish


You were on level 6 of the Lair of Beasts.
You worshipped Lugonu.
Lugonu was most pleased with you.
You visited 3 branches of the dungeon, and saw 21 of its levels.
You visited the Abyss 4 times.

You collected 1233 gold pieces.
You spent 402 gold pieces at shops.

Inventory:

Hand Weapons
 a - a +1 falchion
 c - a +4 short sword
 g - a +6 flail of holy wrath (weapon)
Missiles
 l - 65 sling bullets
 v - 2 throwing nets
 J - 4 datura-tipped darts (quivered)
Armour
 m - a +2 pair of gloves (worn)
 q - a +2 pair of boots of flying (worn)
 u - a +0 tower shield (worn)
Jewellery
 b - a ring of protection from cold
 e - a +6 ring of dexterity (left hand)
 n - a ring of magical power
 o - a ring of flight
 t - a ring of magical power
 x - a ring of resist corrosion
 A - a +4 ring of slaying (right hand)
 C - a +6 ring of dexterity
 D - a ring of protection from fire
 G - an amulet of reflection (around neck)
 H - a +6 ring of intelligence
 N - a ring of poison resistance
Wands
 w - a wand of digging (7)
 K - a wand of flame (12)
Scrolls
 i - 3 scrolls of fog
 j - 4 scrolls of blinking
 k - a scroll of identify
 s - 5 scrolls of magic mapping
Potions
 f - a potion of might
 h - 2 potions of heal wounds
 p - 5 potions of curing
 z - 9 potions of ambrosia
 B - 5 potions of flight
 F - a potion of brilliance
 I - 3 potions of lignification
 L - a potion of invisibility
 O - a potion of haste
Miscellaneous
 r - a piece from Xom's chessboard (1/15)
 y - a phantom mirror
 E - a tin of tremorstones (1/2)


   Skills:
 + Level 9.7 Fighting
 + Level 5.1(5.6) Short Blades
 + Level 3.2(4.6) Long Blades
 + Level 11.6 Maces & Flails
 + Level 0.3 Throwing
 + Level 9.0 Dodging
 + Level 5.6 Stealth
 + Level 10.3 Shields
 * Level 8.3 Spellcasting
 + Level 6.6 Translocations
 * Level 6.3 Transmutations
 * Level 11.4 Invocations
 + Level 3.7 Evocations


You had 27 spell levels left.
You knew the following spells:

 Your Spells              Type           Power      Damage    Failure   Level
a - Apportation           Tloc           40%        N/A       5%          1
b - Wereblood             Tmut           20%        N/A       10%         2

Your spell library contained the following spells:

 Spells                   Type           Power      Damage    Failure   Level
 Gell's Gravitas          Tloc           20%        N/A       17%         3
 Lesser Beckoning         Tloc           20%        N/A       17%         3
 Teleport Other           Tloc           20%        N/A       17%         3
 Animate Skeleton         Necr           8%         N/A       65%         1
 Magic Dart               Conj           16%        1d3       65%         1
 Summon Small Mammal      Summ           16%        N/A       65%         1
 Ignite Poison            Fire/Tmut/Pois 10%        N/A       71%         3
 Call Imp                 Summ           4%         N/A       78%         2
 Poisonous Vapours        Pois/Air       8%         N/A       78%         2
 Blade Hands              Tmut           10%        N/A       86%         5
 Mephitic Cloud           Conj/Pois/Air  4%         N/A       95%         3
 Alistair's Intoxication  Tmut/Pois      8%         N/A       99%         5
 Irradiate                Conj/Tmut      6%         3d15      99%         5
 Animate Dead             Necr           2%         N/A       100%        4
 Borgnjor's Vile Clutch   Necr/Erth      2%         N/A       100%        5
 Lee's Rapid Deconstruct  Erth           2%         3d5*      100%        5
 Death Channel            Necr           2%         N/A       100%        6
 Eringya's Noxious Bog    Tmut/Pois      6%         N/A       100%        6
 Dragon Form              Tmut           10%        N/A       100%        7


Dungeon Overview and Level Annotations

Branches:
Dungeon (14/15)            Temple (0/1) D:4            Lair (6/6) D:9
  Swamp (0/4) Lair:3       Spider (0/4) Lair:4          Orc (1/2) D:10
  Slime: Lair:5-6    Vaults: D:13-14

Altars:
Cheibriados
Gozag
Zin
The Shining One

Shops:
D:5 =   D:6 :   D:10 **(:   D:11 (*   D:12 :   D:13 *

Portals:
Abyss: Lair:1

Annotations:
D:3 Dowan, Duvessa
D:6 exclusion: downstairs
D:7 exclusion: downstairs
D:12 exclusion: downstairs
D:13 exclusion: 2 downstairs
Lair:1 2 transporters, Conn's ghost, journeyman OpFE
Lair:4 corrupted
Abyss:1 Snorg; Urug


Innate Abilities, Weirdness & Mutations

You can breathe waves of freezing cold which knock back foes.
Your icy white scales are hard. (AC +9)
You cannot fit into any form of body armour.
Your flesh is cold resistant. (rC+)
You are cold-blooded and may be slowed by cold attacks.


Message History

A yak comes into view.
The yak bellows!
The black mamba bites you.
The black mamba bites you but does no damage.
The black mamba bites you!
* * * LOW HITPOINT WARNING * * *
The black mamba bites you but does no damage.
The black mamba bites you.
* * * LOW HITPOINT WARNING * * *
The black mamba bites you but does no damage.
The black mamba bites you.
* * * LOW HITPOINT WARNING * * *
The black mamba bites you but does no damage. x3
The black mamba bites you. x2
* * * LOW HITPOINT WARNING * * *
The black mamba bites you but does no damage. x2
The black mamba bites you!
* * * LOW HITPOINT WARNING * * *
The black mamba bites you but does no damage.
The black mamba bites you.
* * * LOW HITPOINT WARNING * * *
The black mamba bites you.
* * * LOW HITPOINT WARNING * * *
The black mamba bites you!
* * * LOW HITPOINT WARNING * * *
The black mamba bites you but does no damage.
The black mamba bites you.
* * * LOW HITPOINT WARNING * * *
The black mamba bites you.
* * * LOW HITPOINT WARNING * * *
You hear a bellow!
The black mamba bites you.
* * * LOW HITPOINT WARNING * * *
The black mamba bites you but does no damage.
The yak gores something.
The black mamba bites you.
* * * LOW HITPOINT WARNING * * *
The black mamba bites you but does no damage.
The black mamba bites you!
You die...

... ♣......?.........
..Y♣♣♣.......$........
♣.PY..P...............
♣....(..♣............/
......♣............[..
......hYll..........P.
###.P##S#..#P####..P.P
# #SS#P### #####
##@### #.# #.# .. #.#
##.. #.# #... #.# #...
#.# #####... ###
#.#..... ##.......


You could see a polar bear, 2 black mambas, 3 yaks, a basilisk and a water
moccasin.

Vanquished Creatures
  A ghoul (D:12)
  A dire elephant (Lair:4)
  Josephine (D:12)
  2 boulder beetles
  2 centaur warriors
  2 catoblepae (Lair:2)
  4 two-headed ogres
  9 death yaks
  2 skeletal warriors
  A bog body (Lair:3)
  6 wizards (D:12)
  2 deep elf pyromancers
  A necromancer (D:14)
  An orc knight (Orc:1)
  A wolf spider (shapeshifter) (D:12)
  A deep elf zephyrmancer (D:12)
  An ugly thing (D:13)
  2 cyclopes
  A manticore (D:10)
  2 orc sorcerers (D:12)
  An elephant (Lair:6)
  2 black mambas
  10 cane toads
  11 komodo dragons
  A tengu conjurer (D:12)
  2 rime drakes
  5 trolls
  2 polar bears
  A hornet (D:9)
  2 meliai zombies (D:13)
  9 blink frogs
  4 slime creatures (D:12)
  Grinder (D:3)
  A large abomination (Abyss:2)
  5 wraiths
  A vampire (D:8)
  6 wyverns
  2 shadows
  71 yaks
  Eustachio (D:3)
  A steam dragon (D:6)
  9 vampire mosquitoes
  4 basilisks
  Edmund (D:4)
  3 swamp worms (Lair:3)
  15 water moccasins
  3 acid dragons
  4 black bears
  2 sky beasts
  A hornet zombie (D:8)
  7 orc warriors
  An ice beast (D:7)
  A necrophage (D:5)
  2 boggarts (D:14)
  23 wolves
  5 ogres
  6 centaurs
  3 kobold brigands
  A gnoll sergeant (D:8)
  11 bullfrogs
  3 scorpions
  7 wights
  A killer bee (Lair:4)
  3 howler monkeys (D:10)
  7 centaur zombies
  A bullfrog zombie (D:5)
  A gnoll shaman (D:7)
  A quasit (Abyss:2)
  3 centaur skeletons
  5 orc priests
  2 bullfrog skeletons (D:6)
  3 hounds
  13 orc wizards
  Natasha (thrice) (D:2)
  3 iguanas
  A scorpion zombie (D:5)
  A hell rat (Lair:4)
  2 killer bee zombies
  A hound skeleton (D:4)
  2 mummies (D:12)
  2 howler monkey zombies
  8 gnolls
  6 adders
  2 ufetubi
  An adder skeleton (D:5)
  3 worms (D:2)
  A dart slug (D:1)
  20 orcs
  5 endoplasms
  4 giant cockroaches
  4 goblins
  2 hobgoblins
  3 jackals (D:3)
  18 kobolds
  4 quokkas
  3 ball pythons
  7 bats
  3 frilled lizards
  A quokka skeleton (D:4)
  4 rats
448 creatures vanquished.

Vanquished Creatures (collateral kills)
  Rupert (Lair:3)
  A fire crab (Lair:4)
  A deep elf zephyrmancer (D:12)
  A tengu conjurer (D:12)
  A troll (D:12)
  A water moccasin (Lair:3)
  A centaur (D:13)
7 creatures vanquished.

Vanquished Creatures (others)
  An anaconda (Lair:4)
  2 wizards (D:12)
  A centaur zombie (D:13)
  3 black mambas (Lair:4)
  2 meliai (Lair:4)
  A polar bear (Lair:4)
  A queen bee (Lair:4)
  4 blink frogs (Lair:4)
  A centaur simulacrum (D:13)
  A wyvern (Lair:4)
  A yak (Lair:4)
  2 water moccasins (Lair:4)
  A black bear (Lair:4)
  2 centaurs (D:13)
  A scorpion (Lair:4)
  20 killer bees (Lair:4)
  An electric eel (Lair:4)
  An orc wizard (D:6)
  A howler monkey zombie (D:10)
  A bush (Lair:6)
  26 fungi
  108 plants
  2 starspawn tentacles (Lair:4)
  4 toadstools (D:7)
  8 withered plants (D:13)
196 creatures vanquished.

Grand Total: 651 creatures vanquished

Notes
Turn   | Place    | Note
-------+----------+-------------------------------------------
     0 | Abyss:1  | Lekart the Draconian Abyssal Knight began the quest for the
                  | Orb.
     0 | Abyss:1  | Reached XP level 1. HP: 19/19 MP: 2/2
    14 | D:1      | Escaped the Abyss
   179 | D:1      | Reached XP level 2. HP: 22/27 MP: 3/3
   774 | D:2      | Reached ** piety under Lugonu
   958 | D:2      | Reached XP level 3. HP: 33/33 MP: 4/4
  1014 | D:2      | Noticed Natasha
  1023 | D:2      | Killed Natasha
  1118 | D:2      | Noticed Natasha
  1132 | D:2      | Killed Natasha
  1133 | D:2      | Reached XP level 4. HP: 22/41 MP: 5/5
  1315 | D:2      | Noticed Natasha
  1324 | D:2      | Killed Natasha
  1641 | D:2      | Reached skill level 1 in Stealth
  1664 | D:2      | Found a glowing silver altar of Zin.
  2186 | D:3      | Noticed Grinder
  2207 | D:3      | Killed Grinder
  2208 | D:3      | Reached XP level 5. HP: 21/47 MP: 6/6
  2208 | D:3      | Reached XP level 6. HP: 24/55 MP: 7/7
  2622 | D:4      | Noticed Eustachio
  2626 | D:4      | Noticed Duvessa
  2627 | D:4      | Noticed Dowan
  2887 | D:3      | Killed Eustachio
  2888 | D:3      | Reached skill level 5 in Fighting
  2888 | D:3      | Your scales start taking on an icy white colour.
  2888 | D:3      | Reached XP level 7. HP: 40/61 MP: 8/8
  2888 | D:3      | Gained mutation: Your flesh is cold resistant. (rC+) [White
                  | Draconian growth]
  3488 | D:4      | Found a staircase to the Ecumenical Temple.
  3891 | D:4      | Noticed Edmund
  3938 | D:4      | Killed Edmund
  4281 | D:5      | Entered Level 5 of the Dungeon
  4281 | D:5      | Found Ikiotyri's Jewellery Shop.
  4363 | D:5      | Reached *** piety under Lugonu
  4455 | D:5      | Reached XP level 8. HP: 65/69 MP: 9/9
  4779 | D:5      | Found a snail-covered altar of Cheibriados.
  4787 | D:5      | Reached skill level 5 in Short Blades
  4787 | D:5      | Reached skill level 1 in Maces & Flails
  4983 | D:5      | Found an opulent altar of Gozag.
  5025 | D:6      | Found Ticadir's Book Shoppe.
  5036 | D:6      | Found a glowing golden altar of the Shining One.
  5442 | D:6      | Reached skill level 5 in Dodging
  5655 | D:6      | Reached skill level 1 in Evocations
  6162 | D:6      | HP: 3/105 [steam dragon] (4)]
  6164 | D:6      | Reached skill level 5 in Maces & Flails
  6164 | D:6      | Reached XP level 9. HP: 3/75 MP: 10/10
  6828 | D:6      | Reached skill level 1 in Shields
  7992 | D:7      | Reached **** piety under Lugonu
  8181 | D:8      | Learned a level 1 spell: Apportation
  8711 | D:8      | Reached XP level 10. HP: 86/86 MP: 11/11
  8715 | D:8      | Reached skill level 1 in Translocations
  8757 | D:8      | Reached skill level 1 in Spellcasting
  9329 | D:8      | Reached skill level 5 in Shields
  9933 | D:9      | Noticed a death yak
  9934 | D:9      | Got Jeept's Tome of Shifting Lightness
 10226 | D:9      | Noticed a death yak
 10227 | D:9      | Noticed a death yak
 10228 | D:9      | Noticed a death yak
 10232 | D:9      | Noticed a death yak
 10291 | D:8      | Killed a death yak
 10910 | D:8      | HP: 3/86 [death yak (24)]
 10924 | D:8      | Banished a death yak
 11335 | D:8      | Banished a death yak
 11336 | D:8      | Reached XP level 11. HP: 78/92 MP: 0/16
 11472 | D:9      | Reached skill level 5 in Invocations
 11495 | D:10     | Entered Level 10 of the Dungeon
 12080 | D:11     | Found Bygiwek's Antique Weapon Boutique.
 12089 | D:11     | Bought a polished quarterstaff for 243 gold pieces
 12089 | D:11     | Identified the +1 quarterstaff of a Million Runes {speed,
                  | Int+5} (You bought it in a shop on level 11 of the Dungeon)
 12173 | D:10     | Noticed a boulder beetle
 12175 | D:10     | Noticed a purple ugly thing
 12534 | D:10     | Found Eklizxac's Book Shop.
 12986 | D:10     | Found Ducata's Assorted Antiques.
 13033 | D:10     | Killed a boulder beetle
 13164 | D:10     | Bought a potion of heal wounds for 135 gold pieces
 13164 | D:10     | Bought a puce potion for 24 gold pieces
 13312 | D:10     | Found Ischiat's Weapon Emporium.
 13376 | D:11     | Found Yboucwos's Fire Supplies.
 14144 | D:12     | Found Rim Cysk's Book Boutique.
 14411 | D:12     | Noticed Josephine
 14420 | D:12     | Killed Josephine
 14540 | D:12     | Reached skill level 5 in Translocations
 14603 | D:12     | Noticed a wizard
 14611 | D:12     | Killed a wizard
 14864 | D:12     | Noticed a wizard
 14894 | D:12     | Cast into level 2 of the Abyss (a wizard)
 14895 | D:12     | Escaped the Abyss
 14895 | D:12     | Killed a wizard
 15016 | D:12     | Noticed a wizard
 15020 | D:12     | Noticed an orc sorcerer
 15025 | D:12     | Reached XP level 12. HP: 70/101 MP: 19/19
 15026 | D:12     | Paralysed by an orc sorcerer for 3 turns
 15365 | D:12     | Cast into level 3 of the Abyss (a wizard)
 15375 | Abyss:4  | Noticed a purple draconian shifter
 15375 | Abyss:4  | Noticed a dire elephant
 15375 | Abyss:4  | Noticed a dire elephant
 15375 | Abyss:4  | Noticed a dire elephant
 15378 | D:12     | Escaped the Abyss
 15399 | D:12     | Reached skill level 5 in Spellcasting
 16397 | D:13     | Noticed a centaur warrior
 16403 | D:13     | Killed a centaur warrior
 16403 | D:13     | Noticed a two-headed ogre
 16417 | D:13     | Killed a two-headed ogre
 17285 | D:13     | Noticed a centaur warrior
 17285 | D:13     | Found an opulent altar of Gozag.
 17285 | D:13     | Found Gozag's Platinum Reserve.
 17296 | D:12     | Killed a centaur warrior
 17515 | D:12     | Cast into level 2 of the Abyss (a wizard)
 17572 | D:12     | Escaped the Abyss
 17878 | D:13     | Reached skill level 5 in Stealth
 17881 | D:13     | Learned a level 2 spell: Wereblood
 17890 | D:13     | Noticed a boulder beetle
 18487 | D:10     | Noticed a two-headed ogre
 18495 | D:10     | Killed a two-headed ogre
 18496 | D:10     | Reached XP level 13. HP: 96/108 MP: 22/22
 18647 | D:10     | Found Kedewuic's General Store.
 18680 | D:10     | Reached skill level 1 in Transmutations
 18723 | D:10     | Found a staircase to the Orcish Mines.
 18856 | Orc:1    | Entered Level 1 of the Orcish Mines
 19056 | D:10     | HP: 3/162 [orc knight (24)]
 19512 | D:10     | HP: 4/108 [efreet/bolt of fire (31)]
 20625 | D:13     | Noticed a ghoul
 20650 | D:12     | Killed a ghoul
 20651 | D:12     | Reached skill level 10 in Maces & Flails
 21464 | D:14     | Noticed a fire dragon
 22231 | D:9      | Found a staircase to the Lair.
 22313 | Lair:1   | Entered Level 1 of the Lair of Beasts
 22859 | Lair:1   | Found a transporter.
 22932 | Lair:1   | Found a one-way gate to the infinite horrors of the Abyss.
 22932 | Lair:1   | Noticed Conn's ghost (journeyman OpFE)
 22957 | Lair:1   | Found a transporter.
 24148 | Lair:2   | Reached skill level 10 in Invocations
 25303 | Lair:2   | Reached XP level 14. HP: 114/118 MP: 24/24
 26390 | Lair:3   | Noticed Rupert
 26396 | Lair:3   | Paralysed by Rupert for 6 turns
 26412 | Lair:3   | Killed Rupert
 26981 | Lair:3   | Reached ***** piety under Lugonu
 27322 | Lair:3   | Found a staircase to the Swamp.
 27764 | Lair:4   | Reached skill level 5 in Transmutations
 27995 | Lair:4   | Noticed Snorg
 28002 | Lair:4   | Banished Snorg
 28124 | Lair:4   | Noticed Urug
 28129 | Lair:4   | Banished Urug
 28320 | Lair:4   | Found a hole to the Spider Nest.
 28391 | Lair:4   | Corrupted Lair:4
 28391 | Lair:4   | Noticed a lich
 28391 | Lair:4   | Noticed a tentacled starspawn
 28393 | Lair:4   | Got Sif Muna's Volume of the Mountains and Confrontation
 28406 | Lair:4   | Noticed a starcursed mass
 29393 | Lair:4   | Reached skill level 10 in Shields
 31084 | Lair:6   | Entered Level 6 of the Lair of Beasts
 31786 | Lair:6   | Reached XP level 15. HP: 126/126 MP: 15/27
 31854 | Lair:6   | HP: 5/126 [black mamba (3)]
 31856 | Lair:6   | HP: 2/126 [black mamba (1)]
 31856 | Lair:6   | Slain by a black mamba

Illustrated notes

Levels and vault maps discovered:
D:1:      lemuel_arrival_muddy, layout_loops_ring, hangedman_decor_lopped,
          st_stairs_11
D:2:      layout_basic, basic_altar, uniq_natasha
D:3:      layout_rooms, uniq_grinder
D:4:      layout_loops_ring, temple_pool_b, uniq_eustachio, uniq_edmund,
          uniq_duvessa
D:5:      layout_basic, mainiacjoe_overflow_big_doors, serial_shops,
          nicolae_square_shop
D:6:      layout_loops_cross, mainiacjoe_overflow_chevrons, serial_shops, shop,
          serial_glass, glass_columns_a, glass_columns_a
D:7:      layout_cave_pools, hellmonk_bongcloud_opening, kennysheep_nondescript,
          minmay_gold_behind_fungi
D:8:      layout_cave_pools
D:9:      layout_cave_pools, dpeg_lair_monsters
D:10:     minmay_imperfect_grid, layout_irregular_city,
          mainiacjoe_overflow_alcove_1, orc_0_dummy, serial_shops, shop,
          nicolae_shop_crystal, shop, nicolae_inconvenience_store, serial_bayou,
          serial_bayou_crossing, serial_bayou_pond_c, serial_bayou_pond_d,
          serial_bayou_lagoon_a
D:11:     layout_loops_ring, serial_shops, shop_statue, nicolae_shop_fire_sale
          [nicolae_sub_dead_trees]
D:12:     minmay_tri_stars, layout_loops_corners, serial_shops, shop,
          uniq_josephine
D:13:     layout_rooms, serial_undead, serial_undead_f, serial_undead_b,
          serial_undead_b, serial_undead_d, nicolae_gozag_zags_fifth_avenue
D:14:     nzn_winding_woodlands_cross [nzn_winding_woodlands_5x15_sawtooth,
          nzn_winding_woodlands_5x15_pockets,
          nzn_winding_woodlands_5x15_river_crossing,
          nzn_winding_woodlands_5x15_lazy_stream,
          nzn_winding_woodlands_15x15_boxy_spiral], layout_basic, david_vaults_1
Lair:1:   layout_loops_ring, gammafunk_ghost_abyssal_escape
Lair:2:   hellmonk_ruined_rings, layout_misc_corridors
Lair:3:   beast_lair_carwin_large_1, layout_cave_shapes,
          nicolae_swamp_entry_splash_gauntlet, uniq_rupert
Lair:4:   layout_long_grid, dummy_spider_entry, special_room [special_room_bee],
          nicolae_lair_lakeside_cave, grunt_megastairs_2, uniq_urug, uniq_snorg
Lair:5:   layout_concentric_octagons, infiniplex_staircase_pool_2,
          serial_bayou_shore_b
Lair:6:   gammafunk_lair_ancient_temple, layout_big_grid, slime_altar_1,
          grunt_forest_small_clearing_treed, lemuel_fruit_fields,
          lemuel_fruit_tree
Orc:1:    layout_caves, basic_altar

Skill      XL: |  1  2  3  4  5  6  7  8  9 10 11 12 13 14 |
---------------+-------------------------------------------+-----
Fighting       | 4 5 6 7 8 9 |  9.7
Stealth        | 2 3 4 5 |  5.6
Short Blades   | 2 3 4 5 |  5.1
Long Blades    | 3 |  3.2
Dodging        | 3 4 5 6 7 8 9 |  9.0
Maces & Flails | 5 6 7 8 9 10 11 | 11.6
Evocations     | 1 2 3 |  3.7
Shields        | 4 5 6 7 9 10 | 10.3
Translocations | 3 5 6 |  6.6
Invocations    | 4 7 8 10 11 | 11.4
Spellcasting   | 3 4 6 7 8 |  8.3
Transmutations | 4 6 |  6.3
Throwing       | |  0.3

Action                   |  1- 3 |  4- 6 |  7- 9 | 10-12 | 13-15 || total
-------------------------+-------+-------+-------+-------+-------++-------
Melee: Falchion          |    32 |       |       |       |       ||    32
       Tailslap          |     9 |    25 |    52 |   115 |   228 ||   429
       Short sword       |    45 |   151 |    73 |       |       ||   269
       Punch             |       |     1 |     4 |       |       ||     5
       Flail             |       |       |   249 |   553 |   994 ||  1796
Throw: Dart              |       |       |       |     4 |     4 ||     8
 Cast: Wereblood         |       |       |       |     1 |     3 ||     4
Invok: Banish            |       |       |       |    12 |    25 ||    37
       Depart the Abyss  |       |       |       |     3 |       ||     3
       Bend Space        |       |       |       |     2 |     9 ||    11
       Corrupt           |       |       |       |       |     1 ||     1
 Abil: Breathe Frost     |       |       |    11 |    23 |    16 ||    50
Evoke: Wand              |       |       |    13 |    26 |     1 ||    40
       Piece from Xom's  |       |       |    13 |    11 |    20 ||    44
       Phantom mirror    |       |       |       |     2 |     2 ||     4
       Tin of tremorston |       |       |       |     2 |     4 ||     6
  Use: Potion            |       |     3 |     2 |     2 |     9 ||    16
       Scroll            |       |       |    10 |     9 |    17 ||    36
 Stab: Sleeping          |     3 |     2 |     8 |     6 |    10 ||    29
       Distracted        |       |       |     1 |     3 |     2 ||     6
       Confused          |       |       |       |       |     4 ||     4
Armor: Skin              |    23 |    69 |   172 |   172 |   222 ||   658
Dodge: Dodged            |    46 |   110 |   214 |   230 |   434 ||  1034
Block: Tower shield      |       |       |   206 |   604 |  1365 ||  2175
       Reflection        |       |       |       |    12 |    13 ||    25

Table legend: (Time is in decaauts)
 A = Elapsed time spent in this place.
 B = Non-inter-level travel time spent in this place.
 C = Inter-level travel time spent in this place.
 D = Time resting spent in this place.
 E = Time spent auto-exploring this place.
 F = Levels seen in this place.
 G = Mean time per level.
                   A        B        C        D        E       F      G
               +--------+--------+--------+--------+--------+-----+--------+
         Total |  32439 |  31216 |   1223 |  13890 |   8815 |  26 | 1247.7 |
       Dungeon |  22574 |  21644 |    930 |  10188 |   5378 |  14 | 1612.4 |
          Lair |   9687 |   9395 |    292 |   3682 |   3427 |   6 | 1614.5 |
  Orcish Mines |     91 |     91 |      0 |      0 |      0 |   1 |   91.0 |
         Abyss |     86 |     86 |      0 |     20 |      9 |   5 |   17.2 |
               +--------+--------+--------+--------+--------+-----+--------+

Top non-repeatable levels by time:
    D:12: 4167 daAuts
    D:10: 2747 daAuts
     D:6: 2694 daAuts
    D:11: 2316 daAuts
  Lair:4: 2226 daAuts
  Lair:3: 2195 daAuts
  Lair:2: 2173 daAuts
     D:8: 1966 daAuts
  Lair:5: 1797 daAuts
     D:7: 1340 daAuts
     D:4: 1292 daAuts
    D:13: 1257 daAuts
     D:3: 1185 daAuts
  Lair:1: 1152 daAuts
     D:2: 1050 daAuts
